Match 44848992
Unlisted

Match 44848992
End
Kradschützen Motorcycle Team
Panzergrenadier Squad
Panzergrenadier Squad
Panzergrenadier Squad
Construct Light Support Kompanie
2.5-tonne Medical Truck
Fire Support Elements
Panzerjäger Mechanized Group
MG34 Team
Veteran Squad Leaders
MG34 Team
Construct Panzerarmee Kommand
Selects Armored Support Battlegroup
Selects Veteran Gunners
Selects Flammpanzer III Medium Tank
Selects Command Panzer IV F Medium Tank
Flammpanzer III Medium Tank
2.5-tonne Medical Truck
Selects Vehicle Awareness
Flammpanzer III Medium Tank
Stormless
Grunka Lunka
Esxile
ZoroArk.Choi
0
0

Comments sign in to comment!

No comments posted yet!